 Dungeon Crawl Stone Soup version 0.30.1-4-g462c640d31 (webtiles) character file.

Game seed: 3622175624689992722

380 Peloso the Slasher (level 6, -9/55 HPs)
             Began as a Hill Orc Fighter on Aug 27, 2023.
             Mangled by an ogre
             ... wielding a +0 giant spiked club
              (30 damage)
             ... on level 4 of the Dungeon.
             The game lasted 00:04:58 (2624 turns).

Peloso the Slasher (Hill Orc Fighter)               Turns: 2624, Time: 00:04:59

Health: -9/55      AC: 10    Str: 18 (19) XL:     6   Next: 75%
Magic:  6/6        EV:  9    Int:  6 (8)  God:
Gold:   124        SH:  4    Dex: 12      Spells: 5/5 levels left

rFire   . . .        a - +0 long sword
rCold   . . .        d - +0 buckler
rNeg    . . .        b - +0 scale mail
rPois   .            (helmet restricted)
rElec   .            (no cloak)
rCorr   .            c - +2 pair of gloves
SInv    .            (no boots)
Will    +....        h - amulet of the acrobat Stlth
                     (no ring)
HPRegen 1.09/turn    (no ring)
MPRegen 0.10/turn

%: acrobat
@: no status effects
A: horns 1, strong-willed 1, regeneration 1
a: no special abilities


You were on level 4 of the Dungeon.
You visited 1 branch of the dungeon, and saw 4 of its levels.
You also visited: Sewer.

You collected 124 gold pieces.

Inventory:

Hand Weapons
 a - a +0 long sword (weapon)
Armour
 b - a +0 scale mail (worn)
 c - a +2 pair of gloves (worn)
 d - a +0 buckler (worn)
Jewellery
 e - a ring of see invisible
 h - an amulet of the acrobat (around neck)
 m - a ring of protection from cold
Scrolls
 i - a scroll of amnesia
 l - a scroll of teleportation
 o - a scroll of blinking
 q - a scroll of silence
 s - a scroll of noise
Potions
 f - a potion of curing {unknown}
 j - 5 potions of might
 n - a potion of resistance {unknown}
 r - a potion of brilliance {unknown}
 t - 2 potions of magic {unknown}
 u - a potion of invisibility {unknown}


   Skills:
 + Level 4.9 Fighting
 + Level 5.3 Long Blades
 + Level 4.7 Armour
 + Level 1.0 Dodging
 + Level 0.7 Stealth
 + Level 3.8 Shields


You had 5 spell levels left.
You didn't know any spells.
Your spell library was empty.

Dungeon Overview and Level Annotations

Branches:
Dungeon (4/15)              Sewer (visited)
 Temple: D:4-7

Altars:


Innate Abilities, Weirdness & Mutations

You have a pair of small horns on your head.
You are strong-willed. (Will+)
Your natural rate of healing is unusually fast.


Message History

The phantom is moderately damaged.
You block the phantom's attack.
You closely miss the phantom.
You headbutt the phantom, but do no damage.
The phantom is moderately damaged.
The phantom hits you but does no damage.
You miss the phantom.
The phantom is moderately damaged.
The phantom barely misses you.
You hit the phantom.
The phantom is moderately damaged.
The phantom hits you but does no damage.
An ogre comes into view. It is wielding a +0 giant spiked club.
You closely miss the phantom.
The ogre shouts!
Your headbutt misses the phantom.
The phantom is moderately damaged.
You hear a shout!
The phantom hits you. The phantom closely misses you.
You closely miss the phantom.
You headbutt the phantom, but do no damage.
The phantom is moderately damaged.
The phantom hits you.
The phantom blinks!
You blink.
You closely miss the phantom.
The phantom is moderately damaged.
The phantom hits you but does no damage.
You barely miss the phantom. Your headbutt misses the phantom.
The phantom is moderately damaged.
The phantom closely misses you.
You closely miss the phantom. You headbutt the phantom.
The phantom is heavily damaged.
The phantom hits you.
The phantom blinks!
You blink.
The phantom attacks as you move away! The phantom completely misses you.
The ogre hits you with a +0 giant spiked club!!
You slash the ogre! Your headbutt misses the ogre.
The ogre is moderately wounded.
The phantom hits you.
The ogre hits you with a +0 giant spiked club!!
Ouch! That really hurt!
You die...

#.##.#...#
#.##'##### #.#..#
#....# ##.##.###.
#.........
###.####.######.#
#....>..W.....# #
#.#.###.@####.#
##O# #†# #†#
#.#########
#..........
###.".##.#
#.).[.....
#.....####.


You could see an ogre and a phantom.

Vanquished Creatures
  2 ogres (D:4)
  A hound (D:4)
  An iguana (D:4)
  A hell rat (Sewer)
  2 adders (D:4)
  3 river rats
  2 worms (D:2)
  2 dart slugs
  An orc (D:3)
  7 ball pythons
  6 bats
  4 endoplasms
  9 giant cockroaches
  4 goblins
  9 hobgoblins
  2 jackals (D:1)
  3 quokkas
  2 frilled lizards
  8 kobolds
  11 rats
80 creatures vanquished.

Notes
Turn   | Place    | Note
-------+----------+-------------------------------------------
     0 | D:1      | Peloso the Hill Orc Fighter began the quest for the Orb.
     0 | D:1      | Reached XP level 1. HP: 19/19 MP: 1/1
   151 | D:1      | Reached XP level 2. HP: 26/27 MP: 2/2
   764 | D:1      | Reached XP level 3. HP: 33/33 MP: 3/3
  1245 | D:2      | Reached skill level 3 in Long Blades
  1410 | D:2      | Found a faded altar of an unknown god.
  1448 | D:2      | You fall into a shaft and drop 2 floors!
  1470 | D:4      | Reached XP level 4. HP: 27/40 MP: 4/4
  1541 | D:4      | Gained mutation: Your natural rate of healing is unusually
                  | fast. [potion of mutation]
  1541 | D:4      | Gained mutation: You are strong-willed. (Will+) [potion of
                  | mutation]
  1541 | D:4      | Gained mutation: You have a pair of small horns on your
                  | head. [potion of mutation]
  1609 | D:3      | Found a glowing drain.
  1627 | Sewer    | Entered a sewer
  1664 | Sewer    | Reached XP level 5. HP: 35/47 MP: 5/5
  1667 | Sewer    | Reached skill level 4 in Long Blades
  2414 | D:4      | Noticed an ogre
  2419 | D:4      | Killed an ogre
  2420 | D:4      | Reached XP level 6. HP: 29/55 MP: 6/6
  2597 | D:4      | Reached skill level 5 in Long Blades
  2597 | D:4      | Reached skill level 1 in Dodging
  2624 | D:4      | Mangled by an ogre

Illustrated notes

Levels and vault maps discovered:
D:1:      doesnt_arrival_eight_statues, layout_basic, minmay_bisected
D:2:      layout_basic, basic_ecumenical_altar
D:3:      layout_basic, portal_sewer_entry_e
D:4:      minmay_evil_eye, layout_loops_ring, roderic_lattice_a,
          roderic_serpentine_path, minmay_surrounded

Skill      XL: |  1  2  3  4  5  6 |
---------------+-------------------+-----
Fighting       | 4 |  4.9
Long Blades    | 3 4 5 |  5.3
Armour         | 4 |  4.7
Dodging        | 1 |  1.0
Stealth        | |  0.7
Shields        | |  3.8

Action                     |  1- 3 |  4- 6 || total
---------------------------+-------+-------++-------
  Melee: Long sword        |   147 |   156 ||   303
         Headbutt          |       |    29 ||    29
    Use: Potion            |       |     3 ||     3
         Scroll            |       |     8 ||     8
 Armour: Scale mail        |    79 |    70 ||   149
  Dodge: Dodged            |    93 |    74 ||   167
  Block: Buckler           |    35 |    34 ||    69
